 Dungeon Crawl Stone Soup version 0.29.1-12-g30fa7ad0bf (webtiles) character file.

Game seed: 15174617605157537866

735 hawla the Firebug (level 8, 0/58 HPs)
             Began as a Meteoran Fire Elementalist on Dec 14, 2022.
             Was a Follower of Vehumet.
             Slain by an orc warrior
             ... wielding a +0 short sword
              (3 damage)
             ... on level 6 of the Dungeon.
             The game lasted 00:07:08 (2047 turns).

hawla the Firebug (Meteoran Fire Elementalist)      Turns: 2047, Time: 00:07:09

Health: 0/58       AC:  9    Str: 10    XL:     8   Next: 24%
Magic:  0/17       EV: 13    Int: 18    God:    Vehumet [*.....]
Gold:   217        SH:  0    Dex: 15    Spells: 11/18 levels left

rFire   . . .      SeeInvis .   m - +0 flail (protect)
rCold   . . .      Faith    .   (no shield)
rNeg    . . .      Spirit   .   a - +0 robe
rPois   .          Reflect  .   i - +0 hat
rElec   .          Harm     .   (no cloak)
rCorr   .          Rampage  .   (no gloves)
Will    +....                   (no boots)
Stlth   +.........              h - amulet of the acrobat
HPRegen 0.19/turn               (no ring)
MPRegen 0.15/turn               (no ring)

@: under a protective aura, hasted, glowing, very quick
A: sense surroundings 1, otherworldly, glowing, explore regen
a: Renounce Religion


You were on level 6 of the Dungeon.
You worshipped Vehumet.
Vehumet was aware of your devotion.
You visited 2 branches of the dungeon, and saw 7 of its levels.

You collected 282 gold pieces.
You spent 65 gold pieces at shops.

Inventory:

Hand Weapons
 m - a +0 flail of protection (weapon)
 q - a -2 demon whip
Armour
 a - a +0 robe (worn)
 i - a +0 hat (worn)
Jewellery
 h - an amulet of the acrobat (around neck)
 p - a ring of protection from fire
Wands
 o - a wand of flame (19)
 s - a wand of mindburst (11)
Scrolls
 c - a scroll of fear
 g - a scroll of teleportation
 j - a scroll of enchant armour {unknown}
 n - a scroll of identify
 r - a scroll of silence {unknown}
Potions
 b - a potion of magic
 d - a potion of haste
 e - 2 potions of resistance {unknown}
 k - 2 potions of ambrosia {unknown}
 l - a potion of brilliance {unknown}


   Skills:
 + Level 0.3 Fighting
 + Level 3.0 Dodging
 - Level 1.4 Stealth
 + Level 5.7 Spellcasting
 + Level 5.8 Conjurations
 + Level 6.9 Fire Magic


You had 11 spell levels left.
You knew the following spells:

 Your Spells              Type           Power      Damage    Failure   Level
a - Foxfire               Conj/Fire      100%       2x1d9     1%          1
b - Scorch                Fire           60%        2d8       1%          2
c - Flame Wave            Conj/Fire      28%        2d9       9%          4

Your spell library contained the following spells:

 Spells                   Type           Power      Damage    Failure   Level
 Shock                    Conj/Air       60%        1d6       3%          1
 Conjure Flame            Conj/Fire      28%        6-21      2%          3
 Inner Flame              Hex/Fire       17%        N/A       9%          3


Dungeon Overview and Level Annotations

Branches:
Dungeon (6/15) Zot: 1579   Temple (1/1) D:4 Zot: 572

Altars:
Ashenzari
Cheibriados
Dithmenos
Elyvilon
Fedhas
Gozag
Kikubaaqudgha
Makhleb
Nemelex Xobeh
Okawaru
Qazlal
Ru
Sif Muna
Trog
Uskayaw
Vehumet
Xom
Zin
The Shining One

Shops:
D:6 *

Annotations:
D:4 2 transporters, retardedninja's ghost, novice HOFi


Innate Abilities, Weirdness & Mutations

You passively map a small area around you.
You are easily found by Zot.
You glow in the dark.
You regain HP and MP as you explore.


Message History

Casting: Scorch (safe; 1% risk of failure)
Confirm with . or Enter, or press ? or * to list all spells.
You conjure some foxfire!
The orc is no longer more vulnerable to fire.
The orc warrior barely misses you.
You hit the orc warrior but do no damage.
Your weapon exudes an aura of protection.
The orc warrior is moderately wounded.
The orc warrior is no longer more vulnerable to fire.
The foxfire hits the orc warrior but does no damage.
The orc warrior is moderately wounded.
The foxfire hits the orc warrior.
The orc warrior is heavily wounded.
The orc warrior hits you with a +0 short sword!
* * * LOW HITPOINT WARNING * * *
You feel much better. The orc warrior closely misses you.
Casting: Foxfire (safe; 1% risk of failure)
Confirm with . or Enter, or press ? or * to list all spells.
You conjure some foxfire!
The orc warrior hits you with a +0 short sword.
Casting: Foxfire (safe; 1% risk of failure)
Confirm with . or Enter, or press ? or * to list all spells.
Flames lash the orc.
You kill the orc!
Vehumet accepts your kill.
The foxfire hits the orc warrior!
The orc warrior is almost dead.
The foxfire hits the orc warrior but does no damage.
The orc warrior is almost dead.
The orc warrior hits you with a +0 short sword!
* * * LOW HITPOINT WARNING * * *
You hit the orc warrior.
Your weapon exudes an aura of protection.
The orc warrior is almost dead.
The orc warrior hits you with a +0 short sword!
* * * LOW HITPOINT WARNING * * *
The orc warrior closely misses you.
It was a potion of haste.
You feel yourself speed up.
The orc warrior hits you with a +0 short sword.
You die...

###>.........
#######....########
##..........#
#..#####....#
#.≈≈≈≈≈≈≈≈≈.#****
#.≈##≈≈≈##≈....,*
#.≈#######≈####,*
#.≈≈#...#≈≈# *,*
#..@o))$#≈≈# *,****
##≈≈#)..#≈≈#***,,,,,
#≈##*###*~,,,*****,
#≈#*~~~**~,,,* *,
#≈≈~~~~~~~,,,*****,
###*******,,,,,,,*,
***,,,,,*, *,,,,,*,
*,,,,,*,


You could see an orc warrior.

Vanquished Creatures
  A black bear (D:4)
  A phantom (D:5)
  A bullfrog (D:6)
  2 necrophages (D:5)
  A scorpion (D:6)
  A howler monkey (D:5)
  2 hounds (D:5)
  3 jellies
  An orc priest (D:6)
  An iguana (D:5)
  4 adders
  A shadow imp (D:5)
  A white imp (D:5)
  An ufetubus (D:5)
  A worm (D:4)
  2 dart slugs (D:4)
  10 orcs
  3 ball pythons
  3 endoplasms (D:4)
  3 goblins (D:4)
  2 hobgoblins (D:4)
  2 quokkas
  2 frilled lizards (D:2)
  A rat (D:3)
50 creatures vanquished.

Vanquished Creatures (others)
  103 foxfires
103 creatures vanquished.

Grand Total: 153 creatures vanquished

Notes
Turn   | Place    | Note
-------+----------+-------------------------------------------
     0 | D:1      | hawla the Meteoran Fire Elementalist began the quest for
                  | the Orb.
     0 | D:1      | Reached XP level 1. HP: 14/14 MP: 5/5
    88 | D:3      | Reached skill level 4 in Fire Magic
    88 | D:3      | Reached XP level 2. HP: 20/20 MP: 5/7
   137 | D:4      | Reached XP level 3. HP: 22/26 MP: 4/8
   466 | D:4      | Found a transporter.
   467 | D:4      | Noticed retardedninja's ghost (novice HOFi)
   467 | D:4      | Identified the +7 great mace of Roxzaqih {antimagic, Contam
                  | rPois rF++ rCorr}
   467 | D:4      | Noticed an ogre
   475 | D:4      | Noticed an ogre
   476 | D:4      | Found a transporter.
   493 | D:4      | Reached XP level 4. HP: 33/33 MP: 5/10
   498 | D:4      | Learned a level 2 spell: Scorch
   503 | D:4      | Learned a level 4 spell: Flame Wave
   517 | D:4      | Noticed a black bear
   524 | D:4      | Killed a black bear
   525 | D:4      | Reached XP level 5. HP: 23/38 MP: 0/11
   528 | D:4      | Found a staircase to the Ecumenical Temple.
   540 | Temple   | Entered the Ecumenical Temple
   808 | D:4      | Reached XP level 6. HP: 45/45 MP: 9/12
   870 | D:4      | Found a hide-covered altar of Uskayaw.
   876 | D:4      | Found a glowing golden altar of the Shining One.
   876 | D:4      | Found a broken altar of Ashenzari.
   884 | D:4      | Found an opulent altar of Gozag.
   887 | D:4      | Found a burning altar of Makhleb.
  1005 | D:5      | Entered Level 5 of the Dungeon
  1005 | D:5      | Found a shimmering blue altar of Sif Muna.
  1005 | D:5      | Found a glowing silver altar of Zin.
  1005 | D:5      | Found a radiant altar of Vehumet.
  1005 | D:5      | Found a stormy altar of Qazlal.
  1006 | D:5      | Found a white marble altar of Elyvilon.
  1011 | D:5      | Became a worshipper of Vehumet
  1019 | D:5      | Reached skill level 5 in Fire Magic
  1161 | D:5      | Reached XP level 7. HP: 47/50 MP: 9/14
  1260 | D:5      | Reached skill level 5 in Conjurations
  1266 | D:5      | Reached skill level 6 in Fire Magic
  1594 | D:5      | Reached skill level 5 in Spellcasting
  1685 | D:6      | Reached XP level 8. HP: 58/58 MP: 11/16
  1904 | D:6      | Found Bake's Lightly-Used Armoury.
  1912 | D:6      | Bought a -2 demon whip for 65 gold pieces
  2036 | D:6      | Reached * piety under Vehumet
  2036 | D:6      | Offered knowledge of Shock by Vehumet.
  2047 | D:6      | Slain by an orc warrior

Illustrated notes

Levels and vault maps discovered:
D:1:      co_arrival_two_rings, layout_basic
D:2:      layout_loops_ring, basic_ecumenical_altar, kennysheep_big_empty_room,
          minmay_misc_feat_alley
D:3:      layout_basic, yredelemnul_altar_generic
D:4:      layout_basic, minmay_overflow_temple_star_hex,
          minmay_temple_entry_glass, gammafunk_ghost_smash
D:5:      layout_loops_ring, grunt_temple_overflow_open
D:6:      layout_basic, minmay_shop_damaged, lightli_minifort
Temple:   hellmonk_temple_rainy

Skill      XL: |  1  2  3  4  5  6  7 |
---------------+----------------------+-----
Spellcasting   | 3 4 5 |  5.7
Fire Magic     | 4 5 6 |  6.9
Conjurations   | 4 5 |  5.8
Dodging        | 3 |  3.0
Fighting       | |  0.3
Stealth        | |  1.4

Action                   |  1- 3 |  4- 6 |  7- 9 || total
-------------------------+-------+-------+-------++-------
Melee: Unarmed           |     1 |     1 |     1 ||     3
       Flail             |       |       |     3 ||     3
 Cast: Foxfire           |    20 |    18 |    25 ||    63
       Scorch            |       |    17 |    20 ||    37
  Use: Scroll            |     1 |     1 |     3 ||     5
       Potion            |       |       |     2 ||     2
Armor: Robe              |       |       |     1 ||     1
Dodge: Dodged            |     1 |     4 |     7 ||    12
